 Dungeon Crawl Stone Soup version bcrawl-1.21.2-1-g32d02e0829 (webtiles) character file.

Game seed: 9144986927746087202

3444 Mrkan the Cleaver (level 9, -2/71 HPs)
             Began as a Demonspawn Gladiator on Feb 19, 2020.
             Was a Believer of Ashenzari.
             Slain by a seven-headed hydra (7 damage)
             ... on level 7 of the Dungeon.
             The game lasted 00:08:31 (7089 turns).

Mrkan the Cleaver (Demonspawn Gladiator)            Turns: 7089, Time: 00:08:32

Health: -2/71      AC: 14    Str: 18    XL:     9   Next: 77%
Magic:  9/9        EV:  9    Int:  9    God:    Ashenzari [**....]
Gold:   430        SH:  3    Dex: 18    Spells: 8/8 levels left

rFire    + . .     SeeInvis +   a - +0 war axe
rCold    . . .     Gourm    .   (no shield)
rNeg     . . .     Faith    .   i - +0 plate armour (curse)
rPois    .         Spirit   .   (helmet unavailable)
rElec    .         Reflect  +   (no cloak)
rCorr    .         Harm     .   x - +0 pair of gloves
MR       .....                  (no boots)
Stlth    ..........             r - +3 amulet of reflection (curse)
HPRegen  0.21/turn              s - +3 ring of dexterity (curse)
MPRegen  0.11/turn              m - ring of see invisible (curse)

@: berserk cooldown, slowed, very slow
A: horns 3, repulsion field 1, fire resistance 1, spiny 1
a: Curse Item, Scrying, Renounce Religion


You were on level 7 of the Dungeon.
You worshipped Ashenzari.
Ashenzari was pleased with you.
You were hungry.

You visited 1 branch of the dungeon, and saw 7 of its levels.

You collected 430 gold pieces.

Inventory:

Hand Weapons
 a - a +0 war axe (weapon)
Missiles
 d - 3 throwing nets (quivered) {!f}
Armour
 i - a cursed +0 plate armour (worn)
 x - a +0 pair of gloves (worn)
Jewellery
 m - a cursed ring of see invisible (right hand)
 r - a cursed +3 amulet of reflection (around neck)
 s - a cursed +3 ring of dexterity (left hand)
 v - a +2 ring of evasion
 z - an uncursed ring of protection from magic
 B - an uncursed amulet of rage
Wands
 C - a wand of enslavement (8)
 F - a wand of random effects (9)
Scrolls
 b - a scroll of enchant weapon {unknown}
 c - a scroll of fear {unknown}
 k - 4 scrolls of teleportation {unknown}
 l - a scroll of noise {unknown}
 n - a scroll of enchant armour {unknown}
 p - 2 scrolls of amnesia {unknown}
 q - 2 scrolls of remove curse {unknown}
 w - 3 scrolls of fog {unknown}
 y - 2 scrolls of immolation {unknown}
 A - 3 scrolls of identify {unknown}
Potions
 f - 2 potions of resistance
 g - 2 potions of mutation {unknown}
 h - a potion of heal wounds {unknown}
 j - a potion of berserk rage
 o - a potion of lignification {unknown}
 t - 2 potions of brilliance {unknown}
 u - a potion of magic {unknown}
 E - a potion of flight {unknown}
 G - a potion of curing {unknown}
Comestibles
 e - 17 rations {!d}
 D - 5 chunks of flesh


   Skills:
 + Level 6.5 Fighting
 * Level 8.6 Axes
 - Level 1.7 Throwing
 * Level 7.8 Armour
 - Level 3.0 Dodging


You had 8 spell levels left.
You didn't know any spells.
Your spell library was empty.

Dungeon Overview and Level Annotations

Branches:
Dungeon (7/12)             Temple (0/1) D:6
   Lair: D:7-9

Altars:
Ashenzari
Gozag
Qazlal
Ru
Sif Muna
Vehumet

Annotations:
D:5 exclusion: statue
D:7 3 runed translucent doors


Innate Abilities, Weirdness & Mutations

You have a pair of large horns on your head.
You are surrounded by a mild repulsion field. (EV +2)
Your flesh is heat resistant. (rF+)
You are partially covered in sharp spines.


Message History

The brown ugly thing is almost dead.
You barely miss the boggart. The boggart is struck by your spines.
The boggart hits you but does no damage.
The brown ugly thing is struck by your spines.
The brown ugly thing tail-slaps you!
* * * LOW HITPOINT WARNING * * *
You are splashed with acid!
* * * LOW HITPOINT WARNING * * *
You slice the boggart!!
You kill the boggart!
You slash the brown ugly thing!
You kill the brown ugly thing!
You see here a shapeshifter corpse.
You feel a strong urge to attack something.
You are no longer berserk.
You are exhausted.
You feel yourself slow down.
You are no longer corroded.
The seven-headed hydra bites you!
You die...

, , ,,,,,, ,** * ## * * *
* , ##..# , , ** ###..#.#
, , , ###.†###.# ,, ,
,####.†###%#!# , , ,
,###.W.###YZ...# ,
###@D###..###/#.# ### ,
###..##.####..###.#, #..
###..##..#.#####..#.#,
#.###..##..####.# *##..#
#..).##..##..##+#####*###
, #.###..##..####WK5h##*
* #..####..##.)##SchZ+...
#.#..####..####Jas.####
#.#....####. ##+#####


You could see a seven-headed hydra, a shadow (invisible), a hound, a shadow imp
and a centaur zombie.

Vanquished Creatures
  An ugly thing (D:7)
  A hungry ghost (D:6)
  A crocodile (D:7)
  3 orc warriors
  A sky beast (D:5)
  2 phantoms (D:5)
  A black bear (D:6)
  A boggart (shapeshifter) (D:7)
  5 ogres
  3 centaurs
  3 bullfrogs
  A big kobold (D:7)
  A wyvern skeleton (D:7)
  A scorpion (D:4)
  A wight (D:5)
  5 crimson imps
  A centaur zombie (D:6)
  2 hounds
  2 orc priests (D:5)
  5 orc wizards
  Terence (D:2)
  7 worker ants
  2 hound skeletons (D:5)
  3 gnolls (D:4)
  14 adders
  5 oozes
  An adder skeleton (D:5)
  A worm (D:2)
  A dart slug (D:1)
  6 leopard geckos
  19 orcs
  3 ball pythons
  9 bats
  4 giant cockroaches
  6 goblins
  9 hobgoblins
  3 jackals (D:3)
  13 kobolds
  5 quokkas
  5 frilled lizards
  A jackal skeleton (D:7)
  A jackal zombie (D:6)
  2 quokka skeletons (D:4)
  7 rats
169 creatures vanquished.

Notes
Turn   | Place    | Note
-------+----------+-------------------------------------------
     0 | D:1      | Mrkan the Demonspawn Gladiator began the quest for the Orb.
     0 | D:1      | Reached XP level 1. HP: 16/16 MP: 1/1
   418 | D:1      | Reached skill level 3 in Axes
   419 | D:1      | Gained mutation: You have a pair of small horns on your
                  | head. [demonic ancestry]
   419 | D:1      | Reached XP level 2. HP: 7/22 MP: 2/2
  1103 | D:1      | Gained mutation: Your flesh is heat resistant. (rF+)
                  | [demonic ancestry]
  1103 | D:1      | Reached XP level 3. HP: 28/28 MP: 3/3
  1441 | D:2      | Noticed Terence
  1459 | D:2      | Killed Terence
  1623 | D:2      | Gained mutation: You are partially covered in sharp spines.
                  | [demonic ancestry]
  1623 | D:2      | Reached XP level 4. HP: 34/34 MP: 4/4
  1629 | D:2      | Reached skill level 1 in Armour
  2054 | D:2      | Found a shattered altar of Ashenzari.
  2065 | D:2      | Became a worshipper of Ashenzari the Shackled
  2634 | D:3      | Reached skill level 4 in Axes
  2725 | D:3      | Gained mutation: You have a pair of horns on your head.
                  | [demonic ancestry]
  2725 | D:3      | Reached XP level 5. HP: 39/40 MP: 5/5
  2765 | D:3      | Noticed an ogre
  2782 | D:3      | Killed an ogre
  2786 | D:3      | Gained mutation: You have a pair of large horns on your
                  | head. [demonic ancestry]
  2786 | D:3      | Reached XP level 6. HP: 47/47 MP: 6/6
  2803 | D:3      | Found a sacrificial altar of Ru.
  3141 | D:3      | Reached * piety under Ashenzari
  3181 | D:3      | Found a sacrificial altar of Ru.
  3181 | D:3      | Found a shimmering blue altar of Sif Muna.
  3596 | D:4      | Reached skill level 5 in Axes
  3751 | D:4      | Reached XP level 7. HP: 51/53 MP: 7/7
  4279 | D:5      | Entered Level 5 of the Dungeon
  4694 | D:5      | Reached skill level 6 in Axes
  4694 | D:5      | Gained mutation: You are surrounded by a mild repulsion
                  | field. (EV +2) [demonic ancestry]
  4694 | D:5      | Reached XP level 8. HP: 56/61 MP: 8/8
  4724 | D:5      | Reached skill level 5 in Armour
  5339 | D:5      | Reached skill level 5 in Fighting
  5399 | D:5      | Found a stormy altar of Qazlal.
  5553 | D:5      | Reached skill level 7 in Axes
  5876 | D:5      | Found a radiant altar of Vehumet.
  6128 | D:6      | Reached XP level 9. HP: 24/68 MP: 9/9
  6578 | D:6      | Found a staircase to the Ecumenical Temple.
  6632 | D:6      | Found an opulent altar of Gozag.
  6632 | D:6      | Reached ** piety under Ashenzari
  6950 | D:7      | Reached skill level 8 in Axes
  7054 | D:7      | Found a runed translucent door.
  7054 | D:7      | Found a runed translucent door.
  7055 | D:7      | Found a runed translucent door.
  7063 | D:7      | Noticed a seven-headed hydra
  7063 | D:7      | Noticed a brown ugly thing
  7081 | D:7      | HP: 5/103 [acid (10)]
  7082 | D:7      | Killed a brown ugly thing
  7089 | D:7      | Slain by a seven-headed hydra

Skill      XL: |  1  2  3  4  5  6  7  8  9 |
---------------+----------------------------+-----
Axes           | 3 4 5 6 7 8 |  8.6
Dodging        | 3 |  3.0
Armour         | 1 2 3 4 6 7 |  7.8
Fighting       | 3 4 5 6 |  6.5
Throwing       | |  1.7

Action                   |  1- 3 |  4- 6 |  7- 9 || total
-------------------------+-------+-------+-------++-------
Melee: War axe           |   102 |   119 |   188 ||   409
       Headbutt          |    10 |    23 |    38 ||    71
Invok: Curse Item        |       |     4 |       ||     4
  Use: Potion            |       |       |     2 ||     2
 Stab: Sleeping          |     1 |       |       ||     1
       Paralysed         |       |     1 |       ||     1
  Eat: Chunk             |     2 |     7 |    12 ||    21
Armor: Leather armour    |     8 |       |       ||     8
       Plate armour      |    75 |    70 |   117 ||   262
Dodge: Dodged            |    39 |    34 |    86 ||   159
Block: Other             |       |    15 |    23 ||    38
       Reflection        |       |       |     1 ||     1
